 Dungeon Crawl Stone Soup version 0.26.1-11-gd32895ea62 (webtiles) character file.

Game seed: 12178358266569177382

25 bnorton916 the Conjurer (level 2, -1/15 HPs)
             Began as a Deep Elf Conjurer on July 13, 2021.
             Slain by an adder (4 damage)
             ... on level 2 of the Dungeon.
             The game lasted 00:01:31 (876 turns).

bnorton916 the Conjurer (Deep Elf Conjurer)          Turns: 876, Time: 00:01:31

Health: -1/15      AC:  2    Str:  4    XL:     2   Next: 86%
Magic:  6/9        EV: 13    Int: 22    God:
Gold:   67         SH:  0    Dex: 13    Spells: 8/9 levels left

rFire    . . .     SeeInvis .   (no weapon)
rCold    . . .     Faith    .   (no shield)
rNeg     . . .     Spirit   .   a - +0 robe
rPois    .         Reflect  .   (no helmet)
rElec    .         Harm     .   (no cloak)
rCorr    .         Rampage  .   (no gloves)
Will     .....                  (no boots)
Stlth    ++........             (no amulet)
HPRegen  0.05/turn              (no ring)
MPRegen  0.11/turn              (no ring)

@: no status effects
A: no striking features
a: no special abilities


You were on level 2 of the Dungeon.
You visited 1 branch of the dungeon, and saw 2 of its levels.

You collected 67 gold pieces.

Inventory:

Hand Weapons
 e - a +1 spear of flaming
Armour
 a - a +0 robe (worn)
Scrolls
 c - 3 scrolls of identify {unknown}
 d - 2 scrolls of remove curse {unknown}
 g - 2 scrolls of teleportation {unknown}
Potions
 b - a potion of degeneration {unknown}
 f - a potion of heal wounds {unknown}


   Skills:
 - Level 2.4 Dodging
 - Level 2.4 Stealth
 + Level 4.0 Spellcasting
 + Level 4.9 Conjurations


You had 8 spell levels left.
You knew the following spells:

 Your Spells              Type           Power        Failure   Level
a - Magic Dart            Conj           100%         1%          1

Your spell library contained the following spells:

 Spells                   Type           Power        Failure   Level
 Searing Ray              Conj           52%          2%          2
 Dazzling Flash           Conj/Hex       30%          12%         3
 Fulminant Prism          Conj/Hex       7%           38%         4
 Iskenderun's Mystic Bla  Conj/Tloc      15%          38%         4


Dungeon Overview and Level Annotations

Branches:
Dungeon (2/15)

Altars:


Message History

The adder hisses angrily. x2
Casting: Magic Dart (safe; 1% risk of failure)
Confirm with . or Enter, or press ? or * to list all spells.
Aiming: Magic Dart (safe; 1% risk of failure)
Press: ? - help, Shift-Dir - straight line, f/p - adder
Aim: an adder (moderately wounded, 0% to evade)
The magic dart hits the adder.
The adder is heavily wounded.
The adder bites you.
Casting: Magic Dart (safe; 1% risk of failure)
Confirm with . or Enter, or press ? or * to list all spells.
Aiming: Magic Dart (safe; 1% risk of failure)
Press: ? - help, Shift-Dir - straight line, f/p - adder
Aim: an adder (moderately wounded, 0% to evade)
The magic dart hits the adder.
The adder is almost dead.
The adder bites you. x3
* * * LOW HITPOINT WARNING * * *
The adder bites you.
You die...

######### ........#
..!.....#
).......##########
......r.@....#..<#
......SS####.##.##.#
......... #.......#
.......... #..#.####
.............>#.#
...#####.†##..#..
##. #..##..##.# #
.......## .# # ####
.#


You could see 2 adders and a rat.

Vanquished Creatures
  A dart slug (D:1)
  2 leopard geckos (D:1)
  A giant cockroach (D:1)
  6 goblins
  3 hobgoblins (D:1)
  2 frilled lizards (D:1)
  2 kobolds (D:1)
  4 rats (D:1)
21 creatures vanquished.

Vanquished Creatures (others)
  A ghoul (D:1)
  A spriggan (D:1)
  A vampire (D:1)
  A human (D:1)
  2 nagas (D:1)
  A centaur (D:1)
  3 orcs (D:1)
  2 kobolds (D:1)
  5 tentacles (D:1)
17 creatures vanquished.

Grand Total: 38 creatures vanquished

Notes
Turn   | Place    | Note
-------+----------+-------------------------------------------
     0 | D:1      | bnorton916 the Deep Elf Conjurer began the quest for the
                  | Orb.
     0 | D:1      | Reached XP level 1. HP: 10/10 MP: 6/6
     0 | D:1      | Noticed a ghoul
     0 | D:1      | Noticed a centaur
     0 | D:1      | Noticed a spriggan
     0 | D:1      | Noticed a kraken
     0 | D:1      | Noticed a naga
     0 | D:1      | Noticed a vampire
     0 | D:1      | Noticed a naga
     0 | D:1      | Noticed a human
     3 | D:1      | Killed a centaur
     3 | D:1      | Killed a vampire
     5 | D:1      | Killed a spriggan
     8 | D:1      | Killed a naga
     8 | D:1      | Killed a human
     9 | D:1      | Killed a naga
    11 | D:1      | Killed a ghoul
   222 | D:1      | Reached XP level 2. HP: 14/15 MP: 1/8
   876 | D:2      | Slain by an adder

Illustrated notes

Levels and vault maps discovered:
D:1:      nicolae_arrival_kraken_aquarium_a, layout_loops_ring, minmay_bisected
D:2:      minmay_wonky_spiral, layout_basic, nrook_mini_vaults

Skill      XL: |  1  2 |
---------------+-------+-----
Spellcasting   | 4 |  4.0
Dodging        | |  2.4
Stealth        | |  2.4
Conjurations   | |  4.9

Action                   || total
-------------------------++-------
 Cast: Magic Dart        ||    42
Armor: Robe              ||     2
Dodge: Dodged            ||     9
